 Dungeon Crawl Stone Soup version 0.22.1-1-ga44c0e56f4 (webtiles) character file.

34120 raetorn the Thaumaturge (level 13, 0/86 HPs)
             Began as a Demigod Fire Elementalist on Oct 11, 2018.
             Slain by a spiny frog (12 damage)
             ... on level 5 of the Lair of Beasts.
             The game lasted 00:50:02 (19822 turns).

raetorn the Thaumaturge (DgFE)                     Turns: 19822, Time: 00:50:03

Health: 0/86       AC: 12    Str: 15    XL:     13   Next: 11%
Magic:  35/35      EV: 13    Int: 37    God:
Gold:   681        SH:  7    Dex: 17    Spells: 19/38 levels left

rFire    . . .     SeeInvis .   a - staff of air
rCold    . . .     Gourm    .   J - +2 buckler
rNeg     + . .     Faith    .   I - +6 leather armour of the Oligarchy {Str+3}
rPois    .         Spirit   .   h - +0 helmet of Zono {Int+4}
rElec    +         Reflect  .   w - +0 cloak
rCorr    .         Harm     .   (no gloves)
MR       +....                  (no boots)
Stlth    ++........             f - amulet of regeneration
HPRegen  0.64/turn              B - +5 ring of intelligence
MPRegen  0.24/turn              s - ring of the Octopus King {rN+ AC+1 EV+1 Str+1 Int+1 Dex+1}

@: about to teleport
A: high mp 1
a: no special abilities


You were on level 5 of the Lair of Beasts.
You were not hungry.

You visited 2 branches of the dungeon, and saw 18 of its levels.

You collected 890 gold pieces.
You spent 209 gold pieces at shops.

Inventory:

Hand Weapons
 b - a +3 quick blade
Armour
 h - the +0 helmet of Zono (worn) {Int+4}
   (You bought it in a shop on level 11 of the Dungeon)

   It affects your intelligence (+4).
 w - a +0 cloak (worn)
 I - the +6 leather armour of the Oligarchy (worn) {Str+3}
   (You found it on level 2 of the Lair of Beasts)

   It affects your strength (+3).
 J - a +2 buckler (worn)
Magical Staves
 a - an uncursed staff of air (weapon)
Jewellery
 f - an amulet of regeneration (around neck)
 o - an uncursed ring of resist corrosion
 s - a ring of the Octopus King (right hand) {rN+ AC+1 EV+1 Str+1 Int+1 Dex+1}
   (You found it on level 2 of the Lair of Beasts)

   [ring of positive energy]

   It affects your AC (+1).
   It affects your evasion (+1).
   It affects your strength (+1).
   It affects your intelligence (+1).
   It affects your dexterity (+1).
   It protects you from negative energy.
 B - a +5 ring of intelligence (left hand)
 N - an uncursed ring of ice
Wands
 i - a wand of iceblast (16)
 z - a wand of random effects (36)
 A - a wand of acid (10)
 C - a wand of enslavement (13)
 F - a wand of polymorph (12)
 G - a wand of flame (92)
 H - a wand of disintegration (25)
 P - a wand of paralysis (29)
 Q - a wand of digging (24)
Scrolls
 g - 7 scrolls of remove curse
 j - 7 scrolls of teleportation
 k - 10 scrolls of magic mapping
 p - a scroll of fear
 t - 4 scrolls of fog
 v - 5 scrolls of amnesia
 x - 5 scrolls of immolation
 O - 2 scrolls of random uselessness {unknown}
 R - 2 scrolls of blinking {unknown}
Potions
 d - 4 potions of might {unknown}
 e - 2 potions of lignification
 l - 5 potions of heal wounds
 m - 2 potions of magic {unknown}
 n - 4 potions of curing {unknown}
 q - a potion of ambrosia {unknown}
 r - 3 potions of brilliance {unknown}
 u - 2 potions of resistance {unknown}
 D - a potion of cancellation {unknown}
 E - 2 potions of invisibility
 K - a potion of agility {unknown}
 L - 4 potions of degeneration {unknown}
 S - a potion of haste
 U - a potion of berserk rage {unknown}
Miscellaneous
 y - a lightning rod (3/4)
 M - a phantom mirror
 V - a crystal ball of energy
Comestibles
 c - 40 rations
 T - 9 chunks of flesh


   Skills:
 - Level 1.7 Dodging
 - Level 1.7 Stealth
 - Level 4.0 Shields
 * Level 13.4 Spellcasting
 + Level 10.5 Conjurations
 + Level 10.8 Fire Magic


You had 19 spell levels left.
You knew the following spells:

 Your Spells              Type           Power        Failure   Level  Hunger
a - Flame Tongue          Conj/Fire      #####        1%          1    None
b - Conjure Flame         Conj/Fire      #######.     1%          3    None
c - Sticky Flame          Conj/Fire      #######.     1%          4    None
d - Fireball              Conj/Fire      #######...   1%          5    None
e - Freeze                Ice            ###.         1%          1    None
f - Throw Icicle          Conj/Ice       ######..     2%          4    None
g - Apportation           Tloc           ###...       1%          1    None

Your spell library contained the following spells:

 Spells                   Type           Power        Failure   Level  Hunger
 Animate Skeleton         Necr           N/A          1%          1    None
 Confusing Touch          Hex            ###...       1%          1    None
 Summon Small Mammal      Summ           ###.         1%          1    None
 Throw Flame              Conj/Fire      ######       1%          2    None
 Throw Frost              Conj/Ice       ######       1%          2    None
 Inner Flame              Hex/Fire       ######..     1%          3    None
 Stone Arrow              Conj/Erth      ######       1%          3    None
 Corpse Rot               Necr           N/A          2%          2    None
 Confuse                  Hex            ###.....     5%          3    None
 Gell's Gravitas          Tloc           ###.......   5%          3    None
 Ozocubu's Armour         Chrm/Ice       ###.....     5%          3    None
 Leda's Liquefaction      Hex/Erth       ###.......   19%         4    None
 Petrify                  Tmut/Erth      ###.....     19%         4    None
 Summon Ice Beast         Ice/Summ       ###.....     19%         4    None
 Metabolic Englaciation   Hex/Ice        ###.......   45%         5    None
 Summon Forest            Summ/Tloc      ###.......   45%         5    None
 Yara's Violent Unravell  Hex/Tmut       ###.......   45%         5    None
 Hydra Form               Tmut           ###.......   96%         6    ##.....
 Summon Hydra             Summ           ###.......   100%        7    #####..


Dungeon Overview and Level Annotations

Branches:
Dungeon (12/15)            Temple (0/1) D:7            Lair (6/6) D:9
  Swamp (0/4) Lair:2        Snake (0/4) Lair:2        Slime (0/5) Lair:5
    Orc (0/2) D:11

Shops:
D:11 :**%[

Annotations:
D:6 2 transporters, Menkaure
D:11 2 runed doors, PeterQ's ghost, journeyman SpEn
Lair:3 1 runed door, Pynuxef's ghost, journeyman GrFi
Lair:5 exclusion: downstairs


Innate Abilities, Weirdness & Mutations

You have an increased reservoir of magic. (+10% MP)


Message History

There is a stone staircase leading up, spattered with blood here.
The spiny frog stings you. The dream sheep closely misses you.
The hippogriff bites you. The hippogriff pecks you.
The hippogriff closely misses you.
You climb upwards.
Level annotation: exclusion: downstairs
There is a stone staircase leading down here.
As you read the scroll of teleportation, it crumbles to dust.
You feel strangely unstable. The spiny frog stings you!
The dream sheep closely misses you. The hippogriff barely misses you.
You block the hippogriff's attack.
The hippogriff claws you but does no damage.
The spiny frog stings you!!
* * * LOW HITPOINT WARNING * * *
Unknown command.
Unknown command.
The dream sheep bites you.
* * * LOW HITPOINT WARNING * * *
The spiny frog stings you!
You die...

.#..####.#######.## ##...........
....# ###### ### #...........
#.### ###.#### ##.....P..#.#
##### #...#..## #.......#...#
###.# ###..#...# ##...........
....# #.).#.#..### #............
....# ##.#..#.....# #............
....###........#..# #............
....##...#..#...@Y###............
...####..#....#HF>##............#
...## #.....#..#...#.......#.....
.##.# #..#.....#..##............P
.##.# ##.........####....._>.....
.P..# ##.##.##..# #...........#
P.P.#####...#...## #............
................# #.......#....
....############# ##..........#.


You could see a hippogriff, a spiny frog and a dream sheep.

Vanquished Creatures
  3 hydras (Lair:5)
  Erica (Lair:1)
  A centaur warrior (D:11)
  A catoblepas (Lair:5)
  2 two-headed ogres
  2 death yaks (Lair:5)
  An unseen horror (D:11)
  2 oklob plants (Lair:2)
  A manticore (D:12)
  9 elephants
  4 black mambas
  A gargoyle (D:10)
  8 spiny frogs
  2 komodo dragons
  4 trolls
  A polar bear (Lair:5)
  A blink frog (Lair:6)
  A hornet (D:11)
  Prince Ribbit (D:5)
  2 bog bodies (Lair:2)
  16 dream sheep
  7 hippogriffs
  3 wraiths
  A shadow (D:11)
  2 wyverns
  Grum (D:11)
  A basilisk (Lair:4)
  14 yaks
  Eustachio (D:4)
  An acid dragon (D:12)
  3 swamp worms (Lair:2)
  3 nagas (Lair:2)
  2 ice beasts
  11 porcupines
  9 water moccasins
  Purgy (D:3)
  A sky beast (D:5)
  A hornet zombie (D:12)
  2 necrophages
  A phantom (D:7)
  6 ogres
  An eye of draining (D:12)
  16 wolves
  3 centaurs
  4 crocodiles
  2 big kobolds
  An elf zombie (D:8)
  A gnoll sergeant (D:8)
  9 bullfrogs
  A wyvern skeleton (D:9)
  A water moccasin zombie (D:6)
  3 scorpions
  13 wights
  An electric eel (Lair:2)
  3 crimson imps
  A quasit (D:10)
  A bullfrog zombie (D:5)
  A centaur skeleton (D:10)
  A hound (D:12)
  7 orc wizards
  3 human zombies (D:8)
  2 orc priests
  A bullfrog skeleton (D:7)
  Jessica (D:3)
  An iguana (D:9)
  Natasha (thrice) (D:3)
  Ijyb (D:5)
  5 hell rats (Lair:5)
  3 worker ants
  Terence (D:3)
  2 hound zombies
  3 hound skeletons
  2 mummies (D:8)
  Robin (D:4)
  5 gnolls (D:8)
  11 adders
  2 shadow imps
  3 oozes
  An adder skeleton (D:7)
  3 worms
  8 leopard geckos
  18 orcs
  8 bats
  2 giant cockroaches
  14 goblins
  11 hobgoblins
  8 jackals
  3 quokkas
  2 ball pythons
  7 frilled lizards
  16 kobolds
  A leopard gecko skeleton (D:4)
  An orc zombie (D:8)
  7 rats
365 creatures vanquished.

Vanquished Creatures (others)
  6 fungi
  5 plants
11 creatures vanquished.

Grand Total: 376 creatures vanquished

Notes
Turn   | Place    | Note
-------+----------+-------------------------------------------
     0 | D:1      | raetorn the Demigod Fire Elementalist began the quest for
                  | the Orb.
     0 | D:1      | Reached XP level 1. HP: 14/14 MP: 5/5
   122 | D:1      | Reached skill level 1 in Conjurations
   170 | D:1      | Reached skill level 2 in Spellcasting
   206 | D:1      | HP: 11/14 [hobgoblin/club (3)]
   308 | D:1      | Reached XP level 2. HP: 20/20 MP: 4/7
   362 | D:1      | HP: 19/20 [ball python (1)]
   702 | D:1      | HP: 18/20 [kobold/stone (2)]
   707 | D:1      | HP: 17/20 [bat (1)]
   716 | D:1      | HP: 16/20 [rat (1)]
  1299 | D:2      | Reached XP level 3. HP: 26/26 MP: 7/9
  1327 | D:2      | Learned a level 3 spell: Conjure Flame
  1450 | D:2      | HP: 23/26 [goblin (3)]
  1571 | D:2      | HP: 25/26 [kobold/short sword (1)]
  1668 | D:2      | HP: 25/26 [bat (1)]
  1686 | D:2      | HP: 20/26 [kobold/stone (6)]
  1963 | D:2      | HP: 23/26 [ooze (3)]
  2061 | D:2      | Found a deep blue altar of Sif Muna.
  2244 | D:3      | Reached skill level 3 in Spellcasting
  2348 | D:3      | Noticed Terence
  2549 | D:3      | Reached XP level 4. HP: 33/33 MP: 8/11
  2555 | D:3      | Learned a level 4 spell: Sticky Flame
  2617 | D:3      | Noticed Purgy
  2649 | D:3      | HP: 30/33 [Purgy (3)]
  2771 | D:3      | Killed Purgy
  2771 | D:3      | Reached XP level 5. HP: 38/38 MP: 2/13
  2882 | D:3      | Noticed Natasha
  2890 | D:3      | HP: 32/38 [Natasha (6)]
  2893 | D:3      | Killed Natasha
  3009 | D:2      | HP: 35/38 [orc wizard/dagger (3)]
  3059 | D:3      | HP: 35/38 [orc priest/nerve-wracking pain (3)]
  3062 | D:3      | HP: 9/38 [orc priest/divine providence (13)]
  3125 | D:3      | Reached skill level 4 in Spellcasting
  3151 | D:3      | Noticed Jessica
  3155 | D:3      | Killed Jessica
  3244 | D:3      | Noticed Natasha
  3251 | D:3      | HP: 36/38 [crimson imp[Natasha] (2)]
  3252 | D:3      | Killed Natasha
  3252 | D:3      | Reached XP level 6. HP: 43/45 MP: 8/15
  3262 | D:3      | Learned a level 5 spell: Fireball
  3268 | D:3      | Noticed Natasha
  3271 | D:3      | HP: 44/45 [Natasha (1)]
  3272 | D:3      | Killed Natasha
  3439 | D:3      | Found an opulent altar of Gozag.
  3440 | D:3      | Found a glowing silver altar of Zin.
  3488 | D:3      | Killed Terence
  3717 | D:4      | Found a snail-covered altar of Cheibriados.
  3739 | D:4      | HP: 42/45 [orc wizard/dagger (3)]
  4325 | D:4      | HP: 44/45 [goblin/dagger[Robin] (1)]
  4330 | D:4      | Noticed Robin
  4336 | D:4      | HP: 41/45 [Robin/falchion (4)]
  4338 | D:4      | Killed Robin
  4344 | D:4      | HP: 40/45 [goblin/club[Robin] (4)]
  4653 | D:5      | Entered Level 5 of the Dungeon
  4699 | D:5      | HP: 34/45 [orc wizard/puff of frost (11)]
  4712 | D:5      | HP: 39/45 [shadow imp (2)]
  4723 | D:4      | HP: 31/45 [something/puff of flame (5)]
  4802 | D:5      | HP: 41/45 [hound zombie (4)]
  4806 | D:5      | Noticed Eustachio
  4808 | D:5      | HP: 35/45 [worker ant (4)]
  4813 | D:4      | HP: 23/45 [poisoned by a worker ant]
  4814 | D:4      | Reached XP level 7. HP: 26/50 MP: 7/17
  4818 | D:4      | HP: 25/50 [poisoned by a worker ant]
  4819 | D:4      | HP: 12/50 [Eustachio/falchion of slicing (12)]
  4820 | D:4      | Killed Eustachio
  4820 | D:4      | Reached skill level 5 in Spellcasting
  4824 | D:4      | HP: 10/50 [poisoned by a worker ant]
  4829 | D:4      | HP: 11/50 [poisoned by a worker ant]
  4837 | D:4      | HP: 13/50 [poisoned by a worker ant]
  4845 | D:4      | HP: 16/50 [poisoned by a worker ant]
  5039 | D:5      | HP: 49/50 [ogre/giant club (1)]
  5119 | D:5      | Learned a level 1 spell: Freeze
  5151 | D:5      | Found a stormy altar of Qazlal.
  5291 | D:5      | Noticed Prince Ribbit
  5309 | D:5      | Killed Prince Ribbit
  5309 | D:5      | Reached skill level 5 in Fire Magic
  5466 | D:5      | Noticed Ijyb
  5481 | D:5      | Reached skill level 6 in Spellcasting
  5565 | D:5      | HP: 46/50 [something (4)]
  5568 | D:5      | Killed Ijyb
  5717 | D:5      | Reached XP level 8. HP: 57/57 MP: 16/21
  5799 | D:5      | HP: 54/57 [bullfrog (3)]
  6004 | D:6      | HP: 53/57 [water moccasin zombie (4)]
  6009 | D:6      | HP: 45/57 [water moccasin zombie (1)]
  6093 | D:6      | Found an ancient bone altar of Kikubaaqudgha.
  6095 | D:6      | Noticed Menkaure
  6098 | D:6      | Found a transporter.
  6116 | D:6      | Found a transporter.
  6145 | D:6      | Found a basalt altar of Yredelemnul.
  6150 | D:6      | HP: 52/57 [scorpion (5)]
  6158 | D:6      | Found an ornate altar of the Wu Jian Council.
  6210 | D:6      | HP: 50/57 [wight/enchanted trident (7)]
  6222 | D:6      | Reached skill level 5 in Conjurations
  6438 | D:6      | HP: 51/57 [wight/enchanted trident (6)]
  6444 | D:6      | Reached skill level 7 in Spellcasting
  6489 | D:6      | HP: 53/57 [wight/enchanted halberd (4)]
  6727 | D:6      | Learned a level 4 spell: Throw Icicle
  6742 | D:7      | HP: 53/57 [adder skeleton (4)]
  6852 | D:7      | HP: 55/57 [adder (2)]
  6883 | D:7      | Found a staircase to the Ecumenical Temple.
  6899 | D:7      | HP: 53/57 [worker ant (4)]
  6903 | D:7      | Found an iron altar of Okawaru.
  6926 | D:7      | HP: 55/57 [phantom (2)]
  6970 | D:7      | HP: 54/57 [bullfrog skeleton (3)]
  7086 | D:8      | Found a snail-covered altar of Cheibriados.
  7106 | D:8      | HP: 56/57 [gnoll sergeant/spear of venom (1)]
  7111 | D:8      | HP: 50/57 [poisoned by a gnoll sergeant]
  7116 | D:8      | HP: 42/57 [poisoned by a gnoll sergeant]
  7121 | D:8      | HP: 40/57 [poisoned by a gnoll sergeant]
  7126 | D:8      | HP: 39/57 [poisoned by a gnoll sergeant]
  7132 | D:8      | HP: 39/57 [poisoned by a gnoll sergeant]
  7138 | D:8      | HP: 41/57 [poisoned by a gnoll sergeant]
  7146 | D:8      | HP: 43/57 [poisoned by a gnoll sergeant]
  7196 | D:8      | HP: 43/57 [ogre/giant club (14)]
  7235 | D:8      | Found a radiant altar of Vehumet.
  7257 | D:8      | HP: 55/57 [hound zombie (2)]
  7271 | D:8      | Reached XP level 9. HP: 62/62 MP: 20/24
  7359 | D:8      | HP: 53/62 [centaur/arrow (9)]
  7444 | D:8      | HP: 58/62 [something/puff of frost (4)]
  7454 | D:8      | HP: 56/62 [something (1)]
  7564 | D:8      | HP: 59/62 [crimson imp (3)]
  7594 | D:8      | Noticed a two-headed ogre
  7614 | D:8      | Killed a two-headed ogre
  7614 | D:8      | Reached skill level 8 in Spellcasting
  7837 | D:8      | HP: 54/62 [wight/falchion (8)]
  7857 | D:8      | Found a basalt altar of Yredelemnul.
  8201 | D:8      | HP: 56/62 [mummy (6)]
  8210 | D:8      | HP: 58/62 [human zombie (4)]
  8246 | D:8      | HP: 56/62 [wraith (6)]
  8251 | D:8      | HP: 53/62 [wraith (3)]
  8257 | D:8      | HP: 30/62 [wraith (6)]
  8528 | D:9      | HP: 59/62 [ice beast (3)]
  8568 | D:9      | Found a staircase to the Lair.
  8691 | D:9      | HP: 61/62 [centaur/shortbow (1)]
  8694 | D:9      | Reached skill level 9 in Spellcasting
  8722 | D:9      | HP: 58/62 [wyvern skeleton (4)]
  9179 | D:9      | HP: 53/62 [big kobold/wand of flame (30) (9)]
  9181 | D:9      | Reached XP level 10. HP: 57/69 MP: 19/27
  9552 | D:9      | Found a hazy altar of Hepliaklqana.
  9579 | D:10     | Entered Level 10 of the Dungeon
  9794 | D:10     | HP: 67/69 [hippogriff (2)]
 10325 | D:10     | HP: 68/69 [orc/hand axe (1)]
 10330 | D:10     | HP: 65/69 [orc/hand axe (4)]
 10384 | D:10     | Noticed a two-headed ogre
 10399 | D:10     | Killed a two-headed ogre
 10491 | D:10     | HP: 68/69 [quasit (1)]
 10549 | D:11     | HP: 67/69 [orc/hand axe (2)]
 10566 | D:11     | HP: 60/69 [wraith (9)]
 10569 | D:11     | HP: 25/69 [wraith (9)]
 10720 | D:11     | Found Ywkaro Gait's Antique Armour Shoppe.
 10729 | D:11     | Bought a twisted helmet for 209 gold pieces
 10739 | D:11     | Identified the +0 helmet of Zono {Int+4} (You bought it in
                  | a shop on level 11 of the Dungeon)
 10750 | D:11     | Reached skill level 10 in Spellcasting
 10848 | D:11     | Found Necuc's Food Boutique.
 10870 | D:11     | Noticed a centaur warrior
 10883 | D:11     | HP: 68/69 [hippogriff (1)]
 10892 | D:11     | Reached skill level 1 in Shields
 10935 | D:11     | HP: 63/69 [centaur warrior (6)]
 10939 | D:11     | Killed a centaur warrior
 11050 | D:11     | HP: 62/69 [hippogriff (7)]
 11205 | D:11     | Found Faeff's Book Shoppe.
 11231 | D:11     | Found a runed door.
 11242 | D:11     | Found a staircase to the Orcish Mines.
 11252 | D:11     | HP: 63/69 [worker ant (6)]
 11258 | D:11     | HP: 62/69 [poisoned by a worker ant]
 11264 | D:11     | HP: 64/69 [poisoned by a worker ant]
 11272 | D:11     | Noticed a flayed ghost
 11272 | D:11     | Noticed a lich
 11272 | D:11     | HP: 67/69 [poisoned by a worker ant]
 11272 | D:11     | Noticed a necromancer
 11273 | D:11     | Found the +7 sceptre of Torment
 11277 | D:11     | Found Jaetih's Assorted Antiques.
 11331 | D:11     | Found Peteuh's Assorted Antiques.
 11392 | D:11     | Found a runed door.
 11400 | D:11     | Noticed a hell knight
 11401 | D:11     | Noticed a skeletal warrior
 11401 | D:11     | Noticed PeterQ's ghost (journeyman SpEn)
 11417 | D:11     | HP: 67/69 [wraith (2)]
 11668 | D:11     | HP: 62/69 [centaur/arrow (7)]
 11688 | D:11     | HP: 62/69 [something (4)]
 11690 | D:11     | Killed an unseen horror
 11690 | D:11     | Reached XP level 11. HP: 68/74 MP: 12/30
 11910 | D:11     | Noticed Grum
 11918 | D:11     | HP: 55/74 [Grum/glaive of protection (19)]
 11920 | D:11     | Killed Grum
 12075 | D:12     | HP: 65/74 [manticore/volley of spikes (9)]
 12246 | D:12     | HP: 64/74 [acid dragon/splash of acid (10)]
 12276 | D:12     | HP: 65/74 [ice beast (2)]
 12415 | D:12     | Noticed a two-headed ogre
 12493 | Lair:1   | Entered Level 1 of the Lair of Beasts
 12668 | Lair:1   | Noticed Erica
 12673 | Lair:1   | Killed Erica
 12811 | Lair:1   | HP: 66/74 [water moccasin (8)]
 12913 | Lair:1   | HP: 73/74 [wolf (1)]
 12916 | Lair:1   | Reached skill level 11 in Spellcasting
 13048 | Lair:1   | HP: 59/74 [spiny frog (15)]
 13053 | Lair:1   | HP: 55/74 [spiny frog (7)]
 13058 | Lair:1   | HP: 31/74 [poisoned by a spiny frog]
 13063 | Lair:1   | HP: 25/74 [poisoned by a spiny frog]
 13068 | Lair:1   | HP: 22/74 [poisoned by a spiny frog]
 13073 | Lair:1   | HP: 20/74 [poisoned by a spiny frog]
 13078 | Lair:1   | HP: 21/74 [poisoned by a spiny frog]
 13085 | Lair:1   | HP: 22/74 [poisoned by a spiny frog]
 13092 | Lair:1   | HP: 24/74 [poisoned by a spiny frog]
 13100 | Lair:1   | HP: 22/74 [poisoned by a spiny frog]
 13454 | Lair:2   | HP: 72/74 [hippogriff (2)]
 13590 | Lair:2   | HP: 65/74 [elephant (9)]
 13608 | Lair:2   | HP: 48/74 [elephant (5)]
 13614 | Lair:1   | HP: 38/74 [elephant (10)]
 13825 | Lair:2   | HP: 58/74 [spiny frog (16)]
 13946 | Lair:2   | HP: 71/74 [elephant (3)]
 13952 | Lair:2   | HP: 47/74 [black mamba (15)]
 13957 | Lair:2   | HP: 30/74 [poisoned by a black mamba]
 13963 | Lair:2   | HP: 31/74 [poisoned by a black mamba]
 13971 | Lair:2   | HP: 26/74 [poisoned by a black mamba]
 13979 | Lair:2   | HP: 29/74 [poisoned by a black mamba]
 14021 | Lair:2   | HP: 35/74 [elephant (20)]
 14022 | Lair:2   | HP: 12/74 [elephant (19)]
 14050 | Lair:2   | HP: 22/74 [elephant (8)]
 14139 | Lair:2   | Got an encrusted leather armour
 14164 | Lair:2   | Identified the +6 leather armour of the Oligarchy {Str+3}
                  | (You found it on level 2 of the Lair of Beasts)
 14219 | Lair:2   | HP: 61/74 [bog body (13)]
 14302 | Lair:2   | HP: 63/74 [swamp worm (11)]
 14397 | Lair:2   | Found the ring of the Octopus King
 14397 | Lair:2   | HP: 72/74 [oklob plant/splash of acid (2)]
 14399 | Lair:2   | HP: 35/74 [acid (11)]
 14400 | Lair:2   | HP: 14/74 [acid (15)]
 14512 | Lair:2   | HP: 60/74 [oklob plant/splash of acid (14)]
 14513 | Lair:2   | HP: 21/74 [acid (14)]
 14612 | Lair:2   | Got a ring of the Octopus King
 14617 | Lair:2   | Identified a ring of the Octopus King {rN+ AC+1 EV+1 Str+1
                  | Int+1 Dex+1} (You found it on level 2 of the Lair of
                  | Beasts)
 14708 | Lair:2   | HP: 69/74 [wolf (5)]
 14748 | Lair:2   | HP: 69/74 [naga/splash of poison (5)]
 14753 | Lair:2   | HP: 69/74 [poisoned by a naga (splash of poison)]
 14759 | Lair:2   | HP: 69/74 [poisoned by a naga (splash of poison)]
 14766 | Lair:2   | HP: 70/74 [poisoned by a naga (splash of poison)]
 14773 | Lair:2   | HP: 73/74 [poisoned by a naga (splash of poison)]
 14781 | Lair:2   | HP: 73/74 [poisoned by a naga (splash of poison)]
 14812 | Lair:2   | HP: 73/74 [poisoned by a naga (splash of poison)]
 14817 | Lair:2   | HP: 73/74 [poisoned by a naga (splash of poison)]
 14822 | Lair:2   | HP: 63/74 [poisoned by a naga (splash of poison)]
 14829 | Lair:2   | HP: 64/74 [poisoned by a naga (splash of poison)]
 14836 | Lair:2   | HP: 67/74 [poisoned by a naga (splash of poison)]
 14844 | Lair:2   | HP: 70/74 [poisoned by a naga (splash of poison)]
 14880 | Lair:2   | HP: 73/74 [water moccasin (1)]
 14881 | Lair:2   | Reached XP level 12. HP: 80/81 MP: 19/32
 14884 | Lair:2   | Learned a level 1 spell: Apportation
 15063 | Lair:2   | Found a staircase to the Snake Pit.
 15081 | Lair:2   | HP: 79/81 [water moccasin (2)]
 15277 | Lair:2   | HP: 80/81 [bog body/bolt of cold (1)]
 15280 | Lair:2   | HP: 37/81 [bog body (5)]
 15412 | Lair:2   | HP: 75/81 [swamp worm/harpoon shot (6)]
 15412 | Lair:2   | Found a staircase to the Swamp.
 15748 | Lair:3   | Reached skill level 12 in Spellcasting
 15748 | Lair:3   | HP: 66/81 [yak (15)]
 15774 | Lair:3   | HP: 77/81 [yak (4)]
 16014 | Lair:3   | HP: 70/81 [black mamba (11)]
 16019 | Lair:3   | HP: 68/81 [poisoned by a black mamba]
 16025 | Lair:3   | HP: 66/81 [poisoned by a black mamba]
 16030 | Lair:3   | HP: 67/81 [poisoned by a black mamba]
 16035 | Lair:3   | HP: 68/81 [poisoned by a black mamba]
 16042 | Lair:3   | HP: 70/81 [poisoned by a black mamba]
 16048 | Lair:3   | Found a runed door.
 16050 | Lair:3   | HP: 73/81 [poisoned by a black mamba]
 16176 | Lair:3   | HP: 71/81 [porcupine's spines (10)]
 16314 | Lair:3   | Noticed Pynuxef's ghost (journeyman GrFi)
 16675 | Lair:4   | HP: 75/81 [hippogriff (6)]
 16693 | Lair:4   | HP: 78/81 [porcupine (3)]
 16988 | Lair:4   | Reached skill level 10 in Fire Magic
 17366 | Lair:4   | HP: 66/81 [spiny frog (15)]
 17371 | Lair:4   | HP: 62/81 [poisoned by a spiny frog]
 17376 | Lair:4   | HP: 61/81 [poisoned by a spiny frog]
 17382 | Lair:4   | HP: 61/81 [poisoned by a spiny frog]
 17387 | Lair:4   | HP: 62/81 [poisoned by a spiny frog]
 17394 | Lair:4   | HP: 65/81 [poisoned by a spiny frog]
 17402 | Lair:4   | HP: 68/81 [poisoned by a spiny frog]
 17597 | Lair:4   | HP: 77/81 [elephant (4)]
 17625 | Lair:5   | Found a viscous altar of Jiyva.
 17625 | Lair:5   | Found a staircase to the Slime Pits.
 17640 | Lair:5   | HP: 70/81 [spiny frog (11)]
 17677 | Lair:5   | HP: 65/81 [porcupine (14)]
 17801 | Lair:5   | HP: 72/81 [dream sheep (9)]
 17807 | Lair:4   | HP: 43/81 [dream sheep (7)]
 17900 | Lair:5   | HP: 55/81 [dream sheep (26)]
 18070 | Lair:5   | HP: 72/81 [komodo dragon (9)]
 18142 | Lair:5   | HP: 80/81 [elephant (1)]
 18149 | Lair:5   | HP: 79/81 [elephant (2)]
 18153 | Lair:5   | Reached skill level 10 in Conjurations
 18183 | Lair:5   | HP: 67/81 [elephant (14)]
 18189 | Lair:5   | HP: 61/81 [elephant (4)]
 18204 | Lair:5   | Noticed a four-headed hydra
 18208 | Lair:5   | HP: 72/81 [hippogriff (1)]
 18213 | Lair:5   | Killed a four-headed hydra
 18472 | Lair:5   | Noticed a six-headed hydra
 18475 | Lair:5   | Killed a six-headed hydra
 18494 | Lair:5   | HP: 68/81 [spiny frog (13)]
 18499 | Lair:5   | HP: 67/81 [poisoned by a spiny frog]
 18505 | Lair:5   | HP: 66/81 [poisoned by a spiny frog]
 18511 | Lair:5   | HP: 67/81 [poisoned by a spiny frog]
 18519 | Lair:5   | HP: 70/81 [poisoned by a spiny frog]
 18527 | Lair:5   | HP: 73/81 [poisoned by a spiny frog]
 18706 | Lair:5   | Reached skill level 13 in Spellcasting
 18910 | Lair:5   | HP: 79/81 [hippogriff (2)]
 19017 | Lair:6   | Entered Level 6 of the Lair of Beasts
 19022 | Lair:6   | HP: 75/81 [wolf (6)]
 19115 | Lair:6   | HP: 55/81 [death yak (26)]
 19141 | Lair:5   | HP: 32/81 [death yak (21)]
 19239 | Lair:5   | HP: 80/81 [polar bear (1)]
 19272 | Lair:5   | Noticed a catoblepas
 19274 | Lair:5   | HP: 77/81 [something/blast of calcifying dust (4)]
 19284 | Lair:5   | Killed a catoblepas
 19407 | Lair:6   | Noticed a five-headed hydra
 19407 | Lair:6   | HP: 74/81 [yak (7)]
 19414 | Lair:5   | Killed a five-headed hydra
 19414 | Lair:5   | Reached XP level 13. HP: 62/86 MP: 19/35
 19423 | Lair:5   | HP: 54/86 [yak (14)]
 19436 | Lair:5   | HP: 57/86 [yak (2)]
 19603 | Lair:6   | HP: 76/86 [yak (10)]
 19615 | Lair:5   | HP: 46/86 [dream sheep (1)]
 19704 | Lair:6   | HP: 83/86 [dream sheep (3)]
 19818 | Lair:6   | HP: 85/86 [hippogriff (1)]
 19821 | Lair:5   | HP: 35/86 [spiny frog (11)]
 19821 | Lair:5   | HP: 14/86 [spiny frog (21)]
 19822 | Lair:5   | Slain by a spiny frog

Skill      XL: |  1  2  3  4  5  6  7  8  9 10 11 12 |
---------------+-------------------------------------+-----
Conjurations   | 1 2 3 4 5 6 8 9 10 | 10.5
Spellcasting   | 2 3 4 6 7 9 10 11 13 | 13.4
Fire Magic     | 3 4 5 6 7 8 9 10 | 10.8
Shields        | 2 4 |  4.0
Dodging        | |  1.7
Stealth        | |  1.7

Action                   |  1- 3 |  4- 6 |  7- 9 | 10-12 | 13-15 || total
-------------------------+-------+-------+-------+-------+-------++-------
Melee: Unarmed           |     7 |       |     1 |       |       ||     8
       Quick blade       |       |       |       |    23 |       ||    23
       Staff             |       |       |       |     1 |       ||     1
 Cast: Flame Tongue      |   120 |   135 |   283 |   303 |     7 ||   848
       Conjure Flame     |     1 |     4 |    23 |     8 |     1 ||    37
       Freeze            |       |       |    19 |       |       ||    19
       Sticky Flame      |       |       |     7 |   112 |    11 ||   130
       Throw Icicle      |       |       |     5 |    13 |       ||    18
       Fireball          |       |       |       |    83 |     5 ||    88
Evoke: Wand              |       |       |       |     4 |       ||     4
       Lightning rod     |       |       |       |       |     1 ||     1
  Use: Scroll            |       |       |       |    20 |     1 ||    21
       Potion            |       |       |       |     1 |       ||     1
  Eat: Chunk             |     5 |     7 |    11 |    23 |     2 ||    48
       Ration            |       |       |     1 |     3 |       ||     4
Armor: Robe              |    15 |     5 |    16 |    18 |       ||    54
       Leather armour    |       |       |       |    30 |     8 ||    38
Dodge: Dodged            |    34 |    29 |    73 |   134 |    22 ||   292
Block: Buckler           |       |       |       |    34 |     6 ||    40
